 Dungeon Crawl Stone Soup version 0.30-a0-1103-g25895a7845 (webtiles) character file.

Game seed: 880691430342634839

17193 Arzdou the Martial Artist (level 12, 0/83 HPs)
             Began as a Demonspawn Transmuter on Apr 18, 2023.
             Was a High Priest of Okawaru.
             Slain by a seven-headed hydra (13 damage)
             ... on level 4 of the Lair of Beasts.
             The game lasted 00:35:16 (12849 turns).

Arzdou the Martial Artist (Demonspawn Transmuter)  Turns: 12849, Time: 00:35:17

Health: 0/83       AC: 10    Str: 14    XL:     12   Next: 16%
Magic:  0/21       EV: 13    Int: 15    God:    Okawaru [*****.]
Gold:   604        SH:  0    Dex: 15    Spells: 9/23 levels left

rFire   . . .      SeeInvis .      - Unarmed
rCold   . . .      Faith    .    (no shield)
rNeg    + . .      Spirit   +    m - +3 ring mail of Cloud Cover {rN+ rCorr}
rPois   +          Reflect  .    (no helmet)
rElec   .          Rampage  .    h - +0 cloak
rCorr   +                        (no gloves)
Will    .....                    (no boots)
Stlth   +                        v - amulet of guardian spirit
HPRegen 0.33/turn                p - +4 ring of slaying
MPRegen 0.17/turn                C - ring of poison resistance

@: finesse-ful
A: hooves 2, powered by death 1, weakness stinger 2, demonic touch 2
a: Renounce Religion, Heroism, Finesse, Duel


You were on level 4 of the Lair of Beasts.
You worshipped Okawaru.
Okawaru was extremely pleased with you.
You visited 3 branches of the dungeon, and saw 16 of its levels.
You also visited: Ossuary.

You collected 844 gold pieces.
You spent 240 gold pieces at shops.

Inventory:

Missiles
 r - a throwing net
Armour
 h - a +0 cloak (worn)
 m - the +3 ring mail of Cloud Cover (worn) {rN+ rCorr}
   (You found it on level 3 of the Dungeon)

   rN:        It protects you from negative energy.
   rCorr:     It protects you from acid and corrosion.
 u - a +2 pair of boots
 L - a +0 plate armour
Jewellery
 p - a +4 ring of slaying (left hand)
 s - a ring of positive energy
 v - an amulet of guardian spirit (around neck)
 x - a ring of protection from fire
 C - a ring of poison resistance (right hand)
 H - a ring of flight
Wands
 b - a wand of digging (11)
 f - a wand of flame (40)
 I - a wand of iceblast (5)
Scrolls
 a - 3 scrolls of noise
 j - 3 scrolls of enchant armour
 k - 5 scrolls of blinking
 l - 2 scrolls of fear
 o - 9 scrolls of teleportation
 t - 2 scrolls of poison
 w - 5 scrolls of identify
 y - 2 scrolls of fog {unknown}
 A - 2 scrolls of immolation {unknown}
 B - 2 scrolls of vulnerability {unknown}
 D - 2 scrolls of magic mapping
Potions
 c - 3 potions of lignification
 d - a potion of might
 e - 6 potions of attraction
 g - a potion of resistance
 i - 7 potions of curing
 n - 2 potions of heal wounds
 q - a potion of cancellation {unknown}
 z - a potion of mutation {unknown}
 E - 3 potions of brilliance {unknown}
 F - a potion of magic {unknown}
 G - 2 potions of degeneration {unknown}
 J - a potion of haste
 K - 2 potions of ambrosia


   Skills:
 + Level 3.9 Fighting
 + Level 7.0 Armour
 + Level 5.2 Dodging
 + Level 1.8 Stealth
 * Level 11.3 Unarmed Combat
 + Level 6.3 Spellcasting
 * Level 8.8 Transmutations
 * Level 6.5 Invocations


You had 9 spell levels left.
You knew the following spells:

 Your Spells              Type           Power      Damage    Failure   Level
a - Beastly Appendage     Tmut           62%        N/A       1%          1
b - Wereblood             Tmut           31%        N/A       1%          2
c - Ice Form              Ice/Tmut       18%        N/A       38%         4
d - Dragon Form           Tmut           15%        N/A       99%         7

Your spell library contained the following spells:

 Spells                   Type           Power      Damage    Failure   Level
 Spider Form              Tmut/Pois      18%        N/A       13%         3
 Ignite Poison            Fire/Tmut/Pois 13%        N/A       24%         3
 Cigotuvi's Dreadful Rot  Necr/Pois/Air  8%         N/A       36%         2
 Static Discharge         Conj/Air       8%         2-3/arc   36%         2
 Dazzling Flash           Conj/Hex       8%         N/A       61%         3
 Gell's Gravitas          Tloc           4%         N/A       61%         3
 Stone Arrow              Conj/Erth      8%         3d7       61%         3
 Teleport Other           Tloc           4%         N/A       61%         3
 Airstrike                Air            2%         2d(1-17)  95%         4
 Cause Fear               Hex            2%         N/A       95%         4
 Agony                    Necr           4%         N/A       100%        5
 Freezing Cloud           Conj/Ice/Air   2%         6-21      100%        5
 Silence                  Hex/Air        2%         N/A       100%        5
 Dispersal                Tloc           2%         N/A       100%        6
 Lehudib's Crystal Spear  Conj/Erth      2%         10d2      100%        8
 Animate Armour           Summ/Erth      Unusable   N/A       N/A         4
 Summon Lightning Spire   Summ/Air       Unusable   N/A       N/A         4
 Dragon's Call            Summ           Unusable   N/A       N/A         9

Dungeon Overview and Level Annotations

Branches:
Dungeon (11/15)            Temple (1/1) D:4            Lair (4/5) D:9
    Orc (0/2) D:9         Ossuary (visited)
  Swamp: Lair:2-3    Shoals: Lair:2-3     Snake: Lair:2-3    Spider: Lair:2-3
  Slime: Lair:4-5

Altars:
Ashenzari
Cheibriados
Dithmenos
Fedhas
Gozag
Hepliaklqana
Kikubaaqudgha
Makhleb
Nemelex Xobeh
Okawaru
Qazlal
Ru
Sif Muna
Trog
Uskayaw
Vehumet
Wu Jian
Xom
Yredelemnul

Shops:
D:8 *   D:9 !   D:10 [=?

Annotations:
D:9 exclusion: obsidian statue


Innate Abilities, Weirdness & Mutations

You have hoof-like feet.
You regenerate a little health from kills.
You have a tail ending in a sharp stinger.
Your touch may inflict irresistible damage on your foes.


Message History

You feel much better.
The electric eel shoots out a bolt of lightning at you!
The bolt of electricity hits you!
The electric eel shoots out a bolt of lightning at you!
The bolt of electricity hits you!
* * * LOW HITPOINT WARNING * * *
You start resting.
Magic restored.
You start resting.
HP restored.
You see here a bullfrog skeleton.
There is a stone staircase leading up, spattered with blood here.
You climb upwards.
The blink frog closely misses you. The blink frog hits you.
The seven-headed hydra bites you. The seven-headed hydra bites you!
The seven-headed hydra bites you.
The seven-headed hydra closely misses you. x2
The seven-headed hydra bites you! The seven-headed hydra bites you.
The blink frog blinks! x3
There is a stone staircase leading down, spattered with blood here.
The seven-headed hydra bites you!
The seven-headed hydra bites you but does no damage.
The seven-headed hydra bites you. x2
The seven-headed hydra closely misses you.
The seven-headed hydra bites you!
The seven-headed hydra bites you but does no damage.
You climb downwards.
There is a stone staircase leading up, spattered with blood here.
You feel much better.
The seven-headed hydra barely misses you.
The seven-headed hydra misses you. The seven-headed hydra bites you! x3
The seven-headed hydra bites you but does no damage. x2
You can now deal lightning-fast blows.
The seven-headed hydra bites you!
* * * LOW HITPOINT WARNING * * *
The seven-headed hydra completely misses you.
The seven-headed hydra bites you!
* * * LOW HITPOINT WARNING * * *
The seven-headed hydra closely misses you.
The seven-headed hydra bites you!
You die...

♣♣P~.~≈≈≈~~~~♣♣ #.~# ~~~
##
♣♣♣♣~~~.≈≈~~~~~♣.♣♣...~#
#~~.###.
~~~~~~~.≈≈~~P~~#......S#
#~~.....
≈SP~~~~.~~~~~♣~#.# #
~~~...P.
S~~~~~S.~~~~♣##..# ~##
~~.#.#.
.........~~~♣#.#.# .~~#
##. ~~~~~~♣..P♣......#
..~~~ #..
P~~~♣~#......###÷##...~~~
##. ~♣♣♣~###.####.##@D÷.#
## # ♣~~# ### #####P.##
#### ####


You could see a seven-headed hydra.

Vanquished Creatures
  3 death yaks (D:9)
  A two-headed ogre (D:9)
  Pikel (D:9)
  6 black mambas
  3 elephants (Lair:1)
  5 cane toads
  A rime drake (Lair:2)
  A komodo dragon (Lair:2)
  2 trolls
  A queen bee (Lair:2)
  Grinder (D:5)
  A dream sheep (Lair:2)
  A blink frog (Lair:4)
  A spriggan (Lair:2)
  6 yaks (D:8)
  A wraith (D:10)
  2 wyverns
  Eustachio (D:4)
  7 water moccasins
  An orc warrior (D:9)
  2 ogres (D:5)
  2 sky beasts
  A black bear (Lair:1)
  4 centaurs
  3 lemures (D:9)
  3 kobold brigands
  A phantom (D:5)
  3 bullfrogs
  8 scorpions
  20 wights
  44 killer bees
  An electric eel (Lair:4)
  2 howler monkeys
  4 hounds
  A jelly (D:4)
  5 orc priests
  Jessica (D:3)
  Natasha (twice) (D:3)
  Ijyb (D:5)
  6 orc wizards
  5 iguanas
  A hell rat (D:9)
  3 mummies
  3 gnolls (D:6)
  3 river rats (D:9)
  10 adders
  A shadow imp (D:7)
  10 white imps
  2 worms
  A dart slug (D:1)
  23 orcs
  7 endoplasms
  2 giant cockroaches
  7 hobgoblins
  5 jackals
  9 quokkas
  4 ball pythons (D:2)
  6 bats
  A frilled lizard (D:1)
  3 gnoll zombies (Ossuary)
  4 goblins
  5 goblin zombies (Ossuary)
  4 hobgoblin zombies (Ossuary)
  14 kobolds
  2 orc zombies (Ossuary)
  9 rats
304 creatures vanquished.

Vanquished Creatures (others)
  5 fungi (Lair:2)
  14 plants
19 creatures vanquished.

Grand Total: 323 creatures vanquished

Notes
Turn   | Place    | Note
-------+----------+-------------------------------------------
     0 | D:1      | Arzdou the Demonspawn Transmuter began the quest for the
                  | Orb.
     0 | D:1      | Reached XP level 1. HP: 15/15 MP: 3/3
   185 | D:1      | Discovered your monstrous ancestry.
   185 | D:1      | Gained mutation: You have a small tail. [demonic ancestry]
   185 | D:1      | Reached XP level 2. HP: 20/21 MP: 3/5
   403 | D:1      | Reached skill level 3 in Unarmed Combat
   842 | D:2      | Gained mutation: Your touch may inflict minor irresistible
                  | damage on your foes. [demonic ancestry]
   842 | D:2      | Reached XP level 3. HP: 12/26 MP: 3/6
  1608 | D:2      | Reached XP level 4. HP: 32/32 MP: 5/7
  2070 | D:3      | Noticed Natasha
  2302 | D:3      | Reached skill level 1 in Armour
  2306 | D:3      | Killed Natasha
  2324 | D:3      | Identified the +3 ring mail of Cloud Cover {rN+ rCorr}
  2382 | D:3      | Noticed Jessica
  2404 | D:3      | Killed Jessica
  2405 | D:3      | Gained mutation: You have a tail ending in a sharp stinger.
                  | [demonic ancestry]
  2405 | D:3      | Reached XP level 5. HP: 37/37 MP: 6/9
  2422 | D:3      | Noticed Natasha
  2442 | D:3      | Killed Natasha
  2523 | D:3      | Learned a level 2 spell: Wereblood
  2846 | D:4      | Found a staircase to the Ecumenical Temple.
  2884 | Temple   | Entered the Ecumenical Temple
  2955 | Temple   | Became a worshipper of Warmaster Okawaru
  3264 | D:4      | Gained mutation: Your touch may inflict irresistible damage
                  | on your foes. [demonic ancestry]
  3264 | D:4      | Reached XP level 6. HP: 42/43 MP: 8/10
  3314 | D:4      | Noticed Eustachio
  3325 | D:5      | Entered Level 5 of the Dungeon
  3409 | D:5      | Reached skill level 4 in Unarmed Combat
  3492 | D:5      | Found a broken altar of Ashenzari.
  3584 | D:5      | Noticed Ijyb
  3590 | D:5      | Killed Ijyb
  3590 | D:5      | Reached * piety under Okawaru
  3621 | D:5      | Gained mutation: You regenerate a little health from kills.
                  | [demonic ancestry]
  3621 | D:5      | Reached XP level 7. HP: 48/48 MP: 10/12
  3655 | D:5      | Noticed Grinder
  3659 | D:5      | Paralysed by Grinder for 3 turns
  3673 | D:5      | Killed Grinder
  3879 | D:4      | Killed Eustachio
  4056 | D:5      | Reached skill level 5 in Transmutations
  4056 | D:5      | Reached XP level 8. HP: 27/56 MP: 10/14
  4254 | D:5      | Reached skill level 5 in Unarmed Combat
  4268 | D:5      | Reached ** piety under Okawaru
  4565 | D:5      | Reached skill level 6 in Unarmed Combat
  4586 | D:5      | Found a radiant altar of Vehumet.
  4792 | D:6      | Found an ancient bone altar of Kikubaaqudgha.
  4935 | D:6      | Found a sand-covered staircase.
  4995 | Ossuary  | Entered an ossuary
  5221 | D:6      | Lost mutation: You have razor-sharp toenails. [demonic
                  | ancestry]
  5221 | D:6      | Lost mutation: You have sharp toenails. [demonic ancestry]
  5221 | D:6      | Gained mutation: You have large cloven feet. [demonic
                  | ancestry]
  5221 | D:6      | Reached XP level 9. HP: 61/61 MP: 13/15
  5231 | D:6      | Found an opulent altar of Gozag.
  5255 | D:6      | Reached *** piety under Okawaru
  5657 | D:7      | Identified the +1 short sword "Tuipp" {venom, rPois}
  5824 | D:7      | Reached skill level 5 in Armour
  5881 | D:7      | Reached skill level 1 in Invocations
  5888 | D:7      | Reached skill level 5 in Spellcasting
  5921 | D:7      | Reached skill level 7 in Unarmed Combat
  6501 | D:8      | Found Qastag's Gadget Gallery.
  6546 | D:8      | Found a sacrificial altar of Ru.
  6775 | D:8      | Reached skill level 1 in Stealth
  6777 | D:8      | Reached skill level 8 in Unarmed Combat
  6793 | D:8      | Reached **** piety under Okawaru
  6794 | D:8      | Reached XP level 10. HP: 68/68 MP: 15/17
  7108 | D:9      | Noticed a death yak
  7110 | D:9      | Noticed a death yak
  7645 | D:9      | Found a staircase to the Orcish Mines.
  7652 | D:9      | Found Tikulona's Distillery.
  7788 | D:9      | Noticed a two-headed ogre
  7794 | D:9      | Killed a two-headed ogre
  7882 | D:9      | Noticed an obsidian statue
  7887 | D:9      | Noticed an orange demon
  8139 | D:9      | Found a staircase to the Lair.
  8163 | D:9      | Noticed a death yak
  8187 | D:9      | Killed a death yak
  8188 | D:9      | Reached skill level 9 in Unarmed Combat
  8561 | D:9      | Killed a death yak
  8561 | D:9      | Reached ***** piety under Okawaru
  8572 | D:9      | Killed a death yak
  8573 | D:9      | Reached XP level 11. HP: 42/75 MP: 8/19
  8854 | D:9      | Found an ornate altar of the Wu Jian Council.
  8854 | D:9      | Found a stormy altar of Qazlal.
  8982 | D:9      | Noticed Pikel
  8991 | D:9      | Killed Pikel
  9031 | D:10     | Entered Level 10 of the Dungeon
  9076 | D:10     | Found Ahypp's Jewellery Shoppe.
  9081 | D:10     | Bought a ring of poison resistance for 240 gold pieces
  9146 | D:10     | Found Emnau's Magic Scroll Boutique.
  9556 | D:10     | Found a shimmering blue altar of Sif Muna.
  9649 | D:10     | Found Opaiddorph's Armour Shoppe.
  9657 | D:10     | Reached skill level 5 in Invocations
 10106 | Lair:1   | Entered Level 1 of the Lair of Beasts
 10371 | Lair:1   | Reached skill level 10 in Unarmed Combat
 10377 | Lair:1   | Learned a level 4 spell: Ice Form
 11477 | Lair:2   | Received a gift from Okawaru
 11668 | Lair:2   | Identified the +5 robe of Relativism {Will+ Dex+3}
 12121 | Lair:2   | Reached skill level 5 in Dodging
 12142 | Lair:2   | Reached skill level 11 in Unarmed Combat
 12142 | Lair:2   | Lost mutation: You have razor-sharp toenails. [demonic
                  | ancestry]
 12142 | Lair:2   | Lost mutation: You have sharp toenails. [demonic ancestry]
 12142 | Lair:2   | Gained mutation: You have hoof-like feet. [demonic
                  | ancestry]
 12142 | Lair:2   | Reached XP level 12. HP: 73/83 MP: 14/21
 12280 | Lair:2   | You fall into a shaft and drop 2 floors!
 12457 | Lair:4   | Learned a level 7 spell: Dragon Form
 12511 | Lair:3   | Noticed a seven-headed hydra
 12849 | Lair:4   | Slain by a seven-headed hydra

Illustrated notes

Levels and vault maps discovered:
D:1:      psy_arrival_terrarium, layout_loops_ring, minmay_pentomino_q2
D:2:      wad_river_or_something, layout_loops_ring, grunt_ministairs_1,
          kennysheep_another_room
D:3:      layout_basic, uniq_jessica, uniq_natasha
D:4:      layout_basic, minmay_temple_entry_statues_fountains, st_stairs_4,
          uniq_eustachio
D:5:      minmay_chambers_of_threes, layout_loops_cross,
          mainiacjoe_overflow_paths, vehumet_altar_wand_db, uniq_ijyb,
          uniq_grinder
D:6:      layout_basic, old_standard_altar, nicolae_overflow_crystal_walls,
          gup_ossuary_entry_pyramid
D:7:      layout_loops_ring
D:8:      layout_basic, old_standard_altar, nicolae_shop_gadgets
D:9:      layout_irregular_city, gammafunk_temple_overflow_elements,
          dpeg_lair_monsters, orc_0_dummy, serial_shops, nicolae_diamond_shop,
          minivault_16, grunt_decor_junction, uniq_pikel
D:10:     layout_roguey, lemuel_doored_altar, serial_shops,
          nicolae_take_the_stairs, nicolae_shop_rolling_square, shop
D:11:     layout_loops_cross
Temple:   nicolae_temple_superstar
Lair:1:   layout_small_grid
Lair:2:   layout_roguey [special_room_bee], portal_ice_cave_entry_imps,
          grunt_forest_large_clearing_hut
Lair:3:   layout_chaotic_city, elwin_shoals_entry_rocks, spider_nest_entry_a,
          beast_lair_carwin_4, lemuel_fruit_fields
Lair:4:   layout_gridlike, serial_bayou_lagoon_b, grunt_megastairs_5,
          serial_bayou_shore_b

Skill      XL: |  1  2  3  4  5  6  7  8  9 10 11 12 |
---------------+-------------------------------------+-----
Unarmed Combat | 3 4 6 8 9 11 | 11.3
Dodging        | 2 3 4 5 |  5.2
Transmutations | 2 3 5 7 8 |  8.8
Armour         | 1 2 4 5 6 7 |  7.0
Spellcasting   | 3 4 5 6 |  6.3
Fighting       | 2 3 |  3.9
Invocations    | 1 4 6 |  6.5
Stealth        | 1 |  1.8

Action                     |  1- 3 |  4- 6 |  7- 9 | 10-12 || total
---------------------------+-------+-------+-------+-------++-------
  Melee: Unarmed           |   118 |    98 |   194 |   409 ||   819
         Kick              |    11 |    31 |    49 |    80 ||   171
         Headbutt          |     3 |    14 |    39 |    60 ||   116
         Tailslap          |    10 |    15 |    28 |    65 ||   118
         Touch             |     3 |    16 |    33 |    67 ||   119
         Punch             |       |     1 |     6 |    28 ||    35
   Cast: Beastly Appendage |    17 |    22 |    27 |    34 ||   100
         Wereblood         |       |     1 |     3 |     8 ||    12
 Invoke: Heroism           |       |       |     5 |    13 ||    18
         Finesse           |       |       |       |     1 ||     1
    Use: Potion            |     1 |     2 |       |     2 ||     5
         Scroll            |       |    13 |     2 |       ||    15
   Stab: Sleeping          |     1 |       |       |       ||     1
 Armour: Leather armour    |    26 |       |       |       ||    26
         Scale mail        |    20 |    17 |       |       ||    37
         Skin              |     3 |     3 |       |       ||     6
         Ring mail         |       |    17 |    59 |   205 ||   281
  Dodge: Dodged            |    59 |    60 |    74 |   342 ||   535

Table legend: (Time is in decaauts)
 A = Elapsed time spent in this place.
 B = Non-inter-level travel time spent in this place.
 C = Inter-level travel time spent in this place.
 D = Time resting spent in this place.
 E = Time spent auto-exploring this place.
 F = Levels seen in this place.
 G = Mean time per level.
                   A        B        C        D        E       F      G
               +--------+--------+--------+--------+--------+-----+--------+
         Total |  12742 |  12279 |    463 |   1998 |   7807 |  17 |  749.5 |
       Dungeon |   9829 |   9455 |    374 |   1318 |   6347 |  11 |  893.5 |
        Temple |     90 |     59 |     31 |      0 |     47 |   1 |   90.0 |
          Lair |   2703 |   2645 |     58 |    680 |   1353 |   4 |  675.8 |
       Ossuary |    118 |    118 |      0 |      0 |     59 |   1 |  118.0 |
               +--------+--------+--------+--------+--------+-----+--------+

Top non-repeatable levels by time:
     D:9: 1607 daAuts
     D:2: 1605 daAuts
  Lair:1: 1193 daAuts
     D:5: 1056 daAuts
     D:8: 1028 daAuts
    D:10: 958 daAuts
  Lair:2: 936 daAuts
     D:7: 759 daAuts
     D:6: 750 daAuts
     D:4: 749 daAuts
     D:1: 676 daAuts
     D:3: 570 daAuts
  Lair:4: 542 daAuts
 Ossuary: 118 daAuts
  Temple: 90 daAuts
